[Event "Titled Tuesday Blitz May 9 Early 2023"]
[White "babbilator"]
[Black "Koridze, Lile"]
[BlackFideId "13612514"]
[WhiteElo "2277"]
[BlackElo "2047"]
[Result "1/2-1/2"]
[Round "06"]
[TimeControl "180+2"]
[Date "2023.05.09"]
[WhiteClock "0:00:04"]
[BlackClock "0:00:06"]

1. e4 c5 2. Nc3 d6 3. Nf3 Nf6 4. e5 dxe5 5. Nxe5 e6 6. g3 Bd6 7. Nc4 Bc7 8. Bg2 O-O 9. O-O Nc6 10. d3 Bd7 11. Ne4 Nxe4 12. dxe4 Qe7 13. a4 Rfd8 14. c3 Ne5 15. Qe2 Bc6 16. Be3 a6 17. Rfd1 b5 18. Nxe5 Bxe5 19. axb5 axb5 20. f4 Bc7 21. Qf2 Bb6 22. b4 Qb7 23. bxc5 Rxd1+ 24. Rxd1 Ba5 25. Qc2 Rc8 26. Ra1 Bd8 27. Rb1 Be7 28. Bd4 Be8 29. e5 Qc7 30. Qf2 Bxc5 31. Bxc5 Qxc5 32. Qxc5 Rxc5 33. Rb3 Kf8 34. Kf2 f6 35. exf6 gxf6 36. Ke3 Ke7 37. Kd4 Kd6 38. Bf1 Rd5+ 39. Ke3 e5 40. Bd3 exf4+ 41. gxf4 Rh5 42. Rb2 Rh3+ 43. Kd4 Rf3 44. Bxh7 Rxf4+ 45. Ke3 Rh4 46. Bd3 Kc5 47. Rf2 Rh6 48. Kd2 Bd7 49. Bc2 Be6 50. Bd3 Bd5 51. Bc2 Be6 52. Bd3 f5 53. Bc2 Kd6 54. Bd3 Bd7 55. Kc2 Ke5 56. Kb3 f4 57. Kb4 Rd6 58. Bxb5 Bf5 59. Re2+ Kf6 60. c4 f3 61. Rf2 Rd3 62. c5 Re3 63. c6 Ke7 64. Kc5 Rc3+ 65. Kb6 Kd6 66. Rd2+ Ke7 67. c7 Be6 68. Ba6 Rb3+ 69. Kc5 Rc3+ 70. Kb6 Rb3+ 71. Ka7 Rc3 72. Kb6 1/2-1/2


[Site "https://www.chess.com"]

[Event "Titled Tuesday Blitz May 9 Early 2023"]
[White "Garakov, Mikhael"]
[Black "Kuchava, Ana"]
[WhiteFideId "4169034"]
[BlackFideId "13605348"]
[WhiteElo "2347"]
[BlackElo "2001"]
[Result "1-0"]
[Round "06"]
[TimeControl "180+2"]
[Date "2023.05.09"]
[WhiteClock "0:00:13"]
[BlackClock "0:00:01"]

1. e4 c5 2. Nf3 d6 3. d4 cxd4 4. Nxd4 Nf6 5. Nc3 Nc6 6. Bc4 e6 7. Be3 a6 8. Qe2 Qc7 9. Bb3 Na5 10. g4 Nxb3 11. axb3 Be7 12. g5 Nd7 13. h4 Rb8 14. O-O-O b5 15. h5 b4 16. Na4 Nc5 17. g6 fxg6 18. hxg6 h6 19. Bxh6 Rxh6 20. Rxh6 Bg5+ 21. f4 Bxf4+ 22. Kb1 Bxh6 23. Rf1 e5 24. Rf7 Bd7 25. Nf5 Bxf5 26. Rxc7 Bxg6 27. Nxc5 dxc5 28. Qc4 Rd8 29. Qe6+ Kf8 30. Qe7+ 1-0


[Site "https://www.chess.com"]

[Event "Titled Tuesday Blitz May 9 Early 2023"]
[White "Botez, Alexandra"]
[Black "Qiao, Cindy"]
[WhiteFideId "2603365"]
[BlackFideId "2620243"]
[WhiteElo "2040"]
[BlackElo "1777"]
[Result "0-1"]
[Round "06"]
[TimeControl "180+2"]
[Date "2023.05.09"]
[WhiteClock "0:00:04"]
[BlackClock "0:00:12"]

1. d4 d5 2. c4 e6 3. Nf3 Nf6 4. g3 Be7 5. Bg2 O-O 6. O-O dxc4 7. Ne5 Nc6 8. Nxc6 bxc6 9. Na3 Bxa3 10. bxa3 Rb8 11. Qd2 Qe7 12. Qa5 Bb7 13. Qxa7 Nd5 14. e4 Nb6 15. Bd2 Qd7 16. Bc3 Ra8 17. Qxb7 Rfb8 18. Qxa8 Rxa8 19. Rfd1 Rxa3 20. Bb4 Ra4 21. a3 h6 22. Rac1 Ra8 23. Bf1 Rd8 24. Be2 Qc8 25. Bxc4 Nxc4 26. Rxc4 e5 27. Bc5 exd4 28. Bxd4 Qa6 29. Rc3 Qa4 30. Rcd3 Qc4 31. Rc3 Qb5 32. Rcd3 c5 33. Kg2 Rxd4 34. Rxd4 cxd4 35. Rxd4 Qc5 36. Rb4 Kh7 37. Kf3 Qc3+ 38. Kg2 Qxa3 39. Rc4 Qd6 40. Kf3 Qf6+ 41. Kg2 Qe5 42. h3 f6 43. Kh2 Qb2 44. Kg2 Qe2 45. Rxc7 Qxe4+ 46. Kh2 Qf3 47. Rc2 Kg6 48. Rd2 h5 49. Kg1 h4 50. Kh2 hxg3+ 51. fxg3 Kh5 52. Rg2 g5 53. Rg1 f5 54. Rg2 Qe3 55. Ra2 f4 56. g4+ Kh4 57. Rg2 Qxh3+ 58. Kg1 Qe3+ 59. Kh1 f3 60. Rh2+ Kxg4 61. Rh4+ Kxh4 62. Kh2 Qf2+ 63. Kh1 Qg2# 0-1


[Site "https://www.chess.com"]

[Event "Titled Tuesday Blitz May 9 Early 2023"]
[White "Srdanovic, Jovana"]
[Black "Mouhamad, Joachim"]
[WhiteFideId "954810"]
[BlackFideId "656410"]
[WhiteElo "2169"]
[BlackElo "2125"]
[Result "1/2-1/2"]
[Round "06"]
[TimeControl "180+2"]
[Date "2023.05.09"]
[WhiteClock "0:01:47"]
[BlackClock "0:01:07"]

1. d4 d5 2. c4 e6 3. Nf3 a6 4. cxd5 exd5 5. Nc3 Nf6 6. Bg5 Be6 7. Bxf6 Qxf6 8. Qb3 Ra7 9. e3 Qd8 10. Bd3 c6 11. O-O Nd7 12. Rad1 Be7 13. Rfe1 O-O 14. Qc2 g6 15. a3 Ra8 16. b4 Nf6 17. Na4 Ne8 18. Nc5 Nd6 19. Nxe6 fxe6 20. Bxg6 hxg6 21. Qxg6+ Kh8 22. Qh6+ Kg8 23. Qg6+ Kh8 24. Qh6+ Kg8 25. Qg6+ 1/2-1/2


[Site "https://www.chess.com"]

[Event "Titled Tuesday Blitz May 9 Early 2023"]
[White "Rios Escobar, Adan"]
[Black "Yonal, Timur"]
[WhiteFideId "3403645"]
[BlackFideId "44115725"]
[WhiteElo "2422"]
[BlackElo "1966"]
[Result "0-1"]
[Round "06"]
[TimeControl "180+2"]
[Date "2023.05.09"]
[WhiteClock "0:00:03"]
[BlackClock "0:00:13"]

1. d4 d5 2. g3 Nf6 3. Nf3 g6 4. Bg2 Bg7 5. c4 c6 6. cxd5 cxd5 7. Nc3 Nc6 8. Ne5 O-O 9. O-O Bf5 10. Bf4 Ne4 11. Nxc6 bxc6 12. Na4 Qa5 13. Rc1 Rfc8 14. a3 h6 15. Nc5 Nxc5 16. Rxc5 Qb6 17. Qc1 g5 18. Be3 Rab8 19. b4 Qb7 20. Qd2 e6 21. Rfc1 Bf8 22. h4 f6 23. R5c3 Kg7 24. Bf3 Be7 25. Bh5 Ra8 26. Qb2 a5 27. b5 cxb5 28. Rxc8 Rxc8 29. Rxc8 Qxc8 30. Qxb5 Qc2 31. Qe8 Qc7 32. Qf7+ Kh8 33. hxg5 hxg5 34. Kg2 Be4+ 35. f3 Bh7 36. Qxe6 Bd8 37. Qxd5 Qe7 38. Qc5 Qxe3 39. Qf8+ Bg8 40. Bf7 Qxe2+ 41. Kh3 Qf1+ 42. Kg4 f5+ 43. Kh5 Qxf3+ 44. Kg6 Qc6+ 45. Kxf5 Qf3+ 46. Kg6 Qxf7+ 47. Qxf7 Bxf7+ 48. Kxf7 Bc7 49. g4 Bd6 50. a4 Ba3 51. d5 Bc5 52. Kf6 Kg8 53. Kxg5 Kf7 54. Kf5 Ke7 55. g5 Kd6 56. g6 Bd4 57. Ke4 Bg7 58. Kf5 Kxd5 59. Kg5 Kc5 60. Kf5 Kb4 61. Ke6 Kxa4 62. Kf7 Bc3 63. Ke6 Kb3 64. Kd5 a4 65. Ke4 a3 66. Kd3 a2 67. g7 Bxg7 0-1


[Site "https://www.chess.com"]

[Event "Titled Tuesday Blitz May 9 Early 2023"]
[White "Wimalasuriya, Kasun M."]
[Black "Sargissyan, Sargis"]
[WhiteFideId "9906789"]
[BlackFideId "13303210"]
[WhiteElo "2227"]
[BlackElo "2109"]
[Result "1-0"]
[Round "06"]
[TimeControl "180+2"]
[Date "2023.05.09"]
[WhiteClock "0:00:37"]
[BlackClock "0:00:00"]

1. d4 Nf6 2. Nf3 g6 3. c4 Bg7 4. Nc3 d5 5. e3 O-O 6. Be2 c5 7. O-O cxd4 8. Nxd4 e5 9. Nf3 e4 10. Nd4 dxc4 11. Bxc4 Nbd7 12. b3 Ne5 13. Be2 Qa5 14. Bd2 Qb6 15. Na4 Qd6 16. Qe1 Nd5 17. Rc1 b6 18. Nb5 Qf6 19. Nc7 Nxc7 20. Rxc7 Nf3+ 21. Bxf3 exf3 22. Bc3 Qg5 23. g3 Qh5 24. Kh1 Bh3 25. Rg1 Bg2+ 26. Rxg2 fxg2+ 27. Kxg2 Qd5+ 28. e4 Bxc3 29. Nxc3 Qd6 30. Nd5 Rfe8 31. Qc3 Re6 32. f4 Rae8 33. h4 h5 34. Kh2 a5 35. a4 1-0


[Site "https://www.chess.com"]

[Event "Titled Tuesday Blitz May 9 Early 2023"]
[White "Sai Han Thiha"]
[Black "Kiseleva, Arina"]
[WhiteFideId "13012290"]
[BlackFideId "4164989"]
[WhiteElo "1954"]
[BlackElo "1708"]
[Result "0-1"]
[Round "06"]
[TimeControl "180+2"]
[Date "2023.05.09"]
[WhiteClock "0:00:00"]
[BlackClock "0:00:34"]

1. d4 Nf6 2. c4 e6 3. Nf3 Bb4+ 4. Bd2 Bxd2+ 5. Qxd2 O-O 6. Nc3 d5 7. e3 Qe7 8. Rc1 Rd8 9. cxd5 exd5 10. Bd3 Nc6 11. O-O Bg4 12. a3 Ne4 13. Qc2 f5 14. Ne1 Rd6 15. g3 Bh3 16. Ng2 Nxc3 17. bxc3 Rf8 18. Nf4 Bxf1 19. Rxf1 g5 20. Ng2 Na5 21. Bxf5 Rdf6 22. g4 Nc4 23. a4 Nd6 24. Bd3 Ne4 25. f3 Nd6 26. c4 dxc4 27. Bxc4+ Nxc4 28. Qxc4+ Qf7 29. Qxf7+ R8xf7 30. Ne1 Ra6 31. Nd3 Rxa4 32. Kf2 Ra2+ 33. Kg3 b6 34. Ne5 Re7 35. Rc1 c5 36. Nc6 Rxe3 37. dxc5 Ree2 38. f4 Rg2+ 39. Kf3 Raf2+ 40. Ke4 Rxf4+ 41. Ke5 Re2+ 42. Kd6 bxc5 43. Rxc5 Rd2+ 44. Ke6 Re2+ 45. Ne5 Rfe4 46. Rc8+ Kg7 47. Rc7+ Kh6 0-1


[Site "https://www.chess.com"]

[Event "Titled Tuesday Blitz May 9 Early 2023"]
[White "Schut, Han"]
[Black "Szyszylo, Rafal"]
[WhiteFideId "1005561"]
[BlackFideId "1109626"]
[WhiteElo "2024"]
[BlackElo "1951"]
[Result "1-0"]
[Round "06"]
[TimeControl "180+2"]
[Date "2023.05.09"]
[WhiteClock "0:00:21"]
[BlackClock "0:00:21"]

1. e4 d6 2. d4 Nf6 3. Nc3 g6 4. f4 c6 5. Nf3 b5 6. Bd3 Bg7 7. e5 Ng4 8. Ne4 O-O 9. h3 Nh6 10. O-O f6 11. Qe2 Na6 12. a4 Nc7 13. axb5 cxb5 14. Bxb5 Nxb5 15. Qxb5 a5 16. Qd5+ Kh8 17. Qxa8 Qb6 18. Qxa5 Qc6 19. Nc3 fxe5 20. dxe5 Bb7 21. Qb5 Qc7 22. Ra7 Rb8 23. exd6 exd6 24. Be3 Nf5 25. Bb6 Qe7 26. Re1 Qf8 27. Bc7 Nd4 28. Rxb7 Nxf3+ 29. gxf3 Bd4+ 30. Kg2 Rxb7 31. Qxb7 Qxf4 32. Re8+ Kg7 33. Bxd6+ Qf7 34. Re7 1-0


[Site "https://www.chess.com"]

[Event "Titled Tuesday Blitz May 9 Early 2023"]
[White "Ramirez, Maria Eugenia"]
[Black "Golubev, Mikhail"]
[WhiteFideId "3301680"]
[BlackFideId "14100983"]
[WhiteElo "1842"]
[BlackElo "2374"]
[Result "0-1"]
[Round "06"]
[TimeControl "180+2"]
[Date "2023.05.09"]
[WhiteClock "0:00:00"]
[BlackClock "0:00:08"]

1. e4 c5 2. c3 d5 3. exd5 Nf6 4. d4 Nxd5 5. dxc5 e6 6. Nf3 Bxc5 7. Bb5+ Bd7 8. Bxd7+ Nxd7 9. O-O O-O 10. c4 N5f6 11. b3 a6 12. Bb2 b5 13. Nbd2 Qb6 14. Qe2 Rac8 15. Rad1 Rfd8 16. cxb5 axb5 17. Ne4 Be7 18. Bd4 Qb7 19. Nxf6+ Nxf6 20. Ne5 b4 21. Rfe1 Rd5 22. Nxf7 Rxd4 23. Rxd4 Kxf7 24. Qxe6+ Kf8 25. h3 Bc5 26. Rf4 Qc6 27. Qf5 Bd6 28. Rf3 Qb7 29. Rd1 Be7 30. g4 Kg8 31. Qe6+ Kh8 32. Re1 Ng8 33. Rf7 Rc7 34. Rf5 Qb8 35. Rd1 Qa8 36. Re1 Rc6 37. Qf7 Rc7 38. Rh5 Qc8 0-1


[Site "https://www.chess.com"]

[Event "Titled Tuesday Blitz May 9 Early 2023"]
[White "Dahlgren, James Allen"]
[Black "Tarasova, Viktoriya"]
[WhiteFideId "22256873"]
[BlackFideId "4175840"]
[WhiteElo "2203"]
[BlackElo "2182"]
[Result "1-0"]
[Round "06"]
[TimeControl "180+2"]
[Date "2023.05.09"]
[WhiteClock "0:01:42"]
[BlackClock "0:01:06"]

1. e4 e5 2. Nf3 Nc6 3. Nc3 Nf6 4. d4 exd4 5. Nd5 h6 6. Nxd4 Nxd4 7. Qxd4 Nxd5 8. exd5 c5 9. dxc6 dxc6 10. Qxd8+ Kxd8 11. Bc4 f6 12. Bf4 Bc5 13. O-O-O+ Ke7 14. Rhe1+ 1-0


[Site "https://www.chess.com"]

[Event "Titled Tuesday Blitz May 9 Early 2023"]
[White "Mika, Tomasz"]
[Black "Ruge, Edison"]
[WhiteFideId "1132970"]
[BlackFideId "4401000"]
[WhiteElo "2179"]
[BlackElo "2175"]
[Result "1-0"]
[Round "06"]
[TimeControl "180+2"]
[Date "2023.05.09"]
[WhiteClock "0:01:43"]
[BlackClock "0:00:03"]

1. d4 d5 2. Nf3 e6 3. Bf4 f5 4. h3 Nf6 5. g4 c6 6. Ne5 Nbd7 7. e3 Nxe5 8. Bxe5 Ne4 9. Nd2 Nxf2 10. Kxf2 Qh4+ 11. Bg3 Qf6 12. Kg2 Be7 13. Bd3 O-O 14. Rf1 Qh6 15. Qe2 Bd7 16. Nf3 c5 17. c3 cxd4 18. cxd4 Rac8 19. Ne5 Be8 20. gxf5 Bg5 21. fxe6 Qxe6 22. Rxf8+ Kxf8 23. Rf1+ Kg8 24. Bf5 Qh6 25. Bxc8 Bxe3 26. Qf3 1-0


[Site "https://www.chess.com"]

[Event "Titled Tuesday Blitz May 9 Early 2023"]
[White "Tuleyeva-Aketayeva, Dana"]
[Black "LeoLV10"]
[WhiteFideId "13701932"]
[WhiteElo "2030"]
[BlackElo "2393"]
[Result "1-0"]
[Round "06"]
[TimeControl "180+2"]
[Date "2023.05.09"]
[WhiteClock "0:00:12"]
[BlackClock "0:00:04"]

1. d4 Nf6 2. Nf3 e6 3. c4 b6 4. g3 Bb7 5. Bg2 d5 6. b3 Nbd7 7. O-O Be7 8. Bb2 O-O 9. Nc3 a6 10. Ne5 c6 11. e4 dxe4 12. Nxe4 Nxe4 13. Bxe4 Nxe5 14. dxe5 Qxd1 15. Rfxd1 Rfd8 16. Kf1 Kf8 17. Ke2 h6 18. Bd4 b5 19. Bb6 Rxd1 20. Rxd1 Ke8 21. a4 Rb8 22. a5 Bd8 23. Rxd8+ Rxd8 24. Bxd8 Kxd8 25. cxb5 axb5 26. b4 Kc7 27. Kd3 f6 28. Kd4 f5 29. Bc2 g5 30. Bb3 Bc8 31. Kc5 h5 32. h4 g4 33. Bd1 Ba6 34. Be2 Bb7 35. f3 Ba6 36. fxg4 fxg4 37. Bd3 Bc8 38. Bg6 Kd7 39. Bxh5 Ke7 40. Bxg4 Kf7 41. Kxc6 1-0


[Site "https://www.chess.com"]

[Event "Titled Tuesday Blitz May 9 Early 2023"]
[White "Womacka, Mathias"]
[Black "Van Baar, Esper"]
[WhiteFideId "4611390"]
[BlackFideId "1049321"]
[WhiteElo "2377"]
[BlackElo "2170"]
[Result "1-0"]
[Round "06"]
[TimeControl "180+2"]
[Date "2023.05.09"]
[WhiteClock "0:01:52"]
[BlackClock "0:00:15"]

1. e4 c5 2. Nf3 d6 3. d4 cxd4 4. Nxd4 Nf6 5. Nc3 a6 6. Be2 e5 7. Nb3 Be7 8. O-O O-O 9. Kh1 Be6 10. f4 exf4 11. Bxf4 Nc6 12. Qe1 Ne5 13. Rd1 Qc7 14. Qg3 Rfd8 15. Nd4 Ng6 16. Bc1 Bc4 17. Bxc4 Qxc4 18. Nf5 Bf8 19. Nh6+ Kh8 20. Nd5 Nxe4 21. Nxf7+ Kg8 22. Qd3 Qxd3 23. cxd3 Nf6 24. Nxd8 1-0


[Site "https://www.chess.com"]

[Event "Titled Tuesday Blitz May 9 Early 2023"]
[White "Toktomushev, Teimur"]
[Black "Marcziter, Dmitrii"]
[WhiteFideId "14176726"]
[BlackFideId "13900765"]
[WhiteElo "2116"]
[BlackElo "2162"]
[Result "1-0"]
[Round "06"]
[TimeControl "180+2"]
[Date "2023.05.09"]
[WhiteClock "0:00:04"]
[BlackClock "0:00:00"]

1. d4 d5 2. c4 e6 3. Nc3 c5 4. e3 a6 5. cxd5 exd5 6. Nf3 Nf6 7. Be2 Nc6 8. O-O c4 9. e4 dxe4 10. Ne5 Nxd4 11. Bxc4 Be6 12. Be3 Bxc4 13. Nxc4 Bc5 14. Na4 Ba7 15. Nab6 Bxb6 16. Nxb6 Qxb6 17. Bxd4 Qe6 18. Bc5 Rd8 19. Qe2 Nd7 20. Ba3 f5 21. Rfd1 Nf6 22. Rxd8+ Kxd8 23. Rc1 Kd7 24. Qd2+ Qd5 25. Qb4 Re8 26. Qa4+ Ke6 27. Rd1 Qc6 28. Rd6+ Qxd6 29. Bxd6 Kxd6 30. h4 Rc8 31. Qd4+ Ke6 32. Qb6+ Ke5 33. Qxb7 Rc1+ 34. Kh2 Ng4+ 35. Kg3 1-0


[Site "https://www.chess.com"]

[Event "Titled Tuesday Blitz May 9 Early 2023"]
[White "Mayaud, Raphael"]
[Black "Manukian, Artak"]
[WhiteFideId "627151"]
[BlackFideId "13301373"]
[WhiteElo "2191"]
[BlackElo "2130"]
[Result "0-1"]
[Round "06"]
[TimeControl "180+2"]
[Date "2023.05.09"]
[WhiteClock "0:00:00"]
[BlackClock "0:00:34"]

1. d4 d5 2. Nf3 Nf6 3. e3 Bg4 4. Bd3 e6 5. O-O c5 6. b3 Nc6 7. Bb2 cxd4 8. exd4 Bd6 9. Nbd2 O-O 10. Re1 Rc8 11. c3 Bb8 12. Nf1 Bh5 13. Ng3 Bg6 14. Bxg6 hxg6 15. Qd3 Bxg3 16. hxg3 Ne4 17. Nd2 Nxd2 18. Qxd2 Qa5 19. Qd3 b5 20. b4 Qb6 21. a4 bxa4 22. Rxa4 a5 23. b5 Na7 24. Rea1 Qxb5 25. Qxb5 Nxb5 26. Rxa5 Nxc3 27. Bxc3 Rxc3 28. R1a4 Rfc8 29. Ra8 g5 30. g4 g6 31. f3 Kg7 32. Rxc8 Rxc8 33. Kf2 Rc4 34. Rxc4 dxc4 35. Ke3 Kf6 36. Kd2 e5 37. d5 Ke7 38. Kc3 Kd6 39. Kxc4 f6 40. g3 f5 41. gxf5 gxf5 42. g4 f4 0-1


[Site "https://www.chess.com"]

[Event "Titled Tuesday Blitz May 9 Early 2023"]
[White "Vivas Zamora, Fabian Ernesto"]
[Black "Benmesbah, Natacha"]
[WhiteFideId "3902480"]
[BlackFideId "642002"]
[WhiteElo "2244"]
[BlackElo "2263"]
[Result "1-0"]
[Round "06"]
[TimeControl "180+2"]
[Date "2023.05.09"]
[WhiteClock "0:00:50"]
[BlackClock "0:00:12"]

1. e4 c5 2. Nc3 Nc6 3. Bb5 Nd4 4. Nf3 e6 5. O-O Ne7 6. Nxd4 cxd4 7. Ne2 e5 8. f4 Qb6 9. Bd3 d6 10. a4 Nc6 11. Kh1 Be7 12. f5 Nb4 13. Bb5+ Kf8 14. c3 a6 15. Bc4 Nc6 16. Ng3 Bd7 17. Qh5 Be8 18. f6 Bxf6 19. Rxf6 gxf6 20. Nf5 h6 21. d3 Rh7 22. Bxh6+ Kg8 23. Qg4+ Kh8 24. Bg7+ Kg8 25. Nh6+ Rxh6 26. Bxh6+ Kh7 27. Qg7# 1-0


[Site "https://www.chess.com"]

[Event "Titled Tuesday Blitz May 9 Early 2023"]
[White "Hadzimanolis, Antonios"]
[Black "Andreassen, Lars"]
[WhiteFideId "4202813"]
[BlackFideId "1504878"]
[WhiteElo "2242"]
[BlackElo "2119"]
[Result "1-0"]
[Round "06"]
[TimeControl "180+2"]
[Date "2023.05.09"]
[WhiteClock "0:00:08"]
[BlackClock "0:00:10"]

1. d4 d5 2. c4 e6 3. Nc3 c5 4. cxd5 cxd4 5. Qa4+ Bd7 6. Qxd4 exd5 7. Qxd5 Nc6 8. Nf3 Nf6 9. Qd1 Bc5 10. Bg5 h6 11. Bh4 Qb6 12. Qb3 Qxb3 13. axb3 Nb4 14. O-O-O O-O-O 15. e3 Bf5 16. Bc4 g5 17. Bg3 Ne4 18. Nd4 Bxd4 19. Rxd4 Rxd4 20. exd4 Rd8 21. Rd1 a6 22. Bxf7 Nxg3 23. hxg3 Nd3+ 24. Kd2 Rxd4 25. Ke3 Rd7 26. g4 Re7+ 27. Kd4 Nxf2 28. gxf5 Nxd1 29. Be6+ Rxe6 30. fxe6 Nxc3 31. bxc3 Kd8 32. Ke5 Ke7 33. g4 b6 34. c4 a5 35. Kd5 h5 36. gxh5 g4 37. h6 g3 38. h7 g2 39. h8=Q g1=Q 40. Qh7+ Kf6 41. Qf7+ Kg5 42. Qg8+ 1-0


[Site "https://www.chess.com"]

[Event "Titled Tuesday Blitz May 9 Early 2023"]
[White "Fernandez Siles, Luis"]
[Black "Chemin, Justo Reinaldo"]
[WhiteFideId "2209420"]
[BlackFideId "2101580"]
[WhiteElo "2195"]
[BlackElo "1940"]
[Result "0-1"]
[Round "06"]
[TimeControl "180+2"]
[Date "2023.05.09"]
[WhiteClock "0:00:21"]
[BlackClock "0:00:13"]

1. e4 e6 2. d4 d5 3. Nd2 Nf6 4. Bd3 c5 5. c3 Nc6 6. Ngf3 cxd4 7. cxd4 dxe4 8. Nxe4 Bb4+ 9. Nc3 Nd5 10. Bd2 O-O 11. O-O h6 12. Qe2 Bxc3 13. bxc3 Qf6 14. Qe4 Qf5 15. Qxf5 exf5 16. Rfe1 Bd7 17. Ne5 Nxe5 18. Rxe5 Be6 19. Bxf5 Bxf5 20. Rxf5 Nb6 21. Rb1 Rac8 22. Ra5 Nc4 23. Rxa7 Nxd2 24. Rbxb7 Rxc3 25. g3 Rc6 26. Rd7 Rf6 27. Ra3 Rb8 28. Rd3 Ne4 29. f3 Rb1+ 30. Kg2 Rb2+ 31. Kg1 Ng5 32. f4 Nh3+ 33. Kf1 Rc6 34. Ke1 Rc1+ 35. Rd1 Rcc2 36. Rd3 Re2+ 37. Kd1 Rxh2 38. Kc1 Rxa2 39. Kb1 Rab2+ 40. Kc1 Rbg2 41. Rd1 Nf2 42. Rd2 Ne4 43. Rxg2 Rxg2 44. Re7 f5 45. d5 Rxg3 46. d6 Nxd6 47. Re6 Ne4 48. Re5 g6 49. Kd1 h5 50. Ke1 h4 0-1


[Site "https://www.chess.com"]

[Event "Titled Tuesday Blitz May 9 Early 2023"]
[White "Rosenberg, Evan S"]
[Black "Yosha_Iglesias"]
[WhiteFideId "2019299"]
[WhiteElo "2252"]
[BlackElo "2412"]
[Result "1-0"]
[Round "06"]
[TimeControl "180+2"]
[Date "2023.05.09"]
[WhiteClock "0:00:06"]
[BlackClock "0:00:00"]

1. d4 d5 2. Nf3 Nf6 3. c3 c5 4. dxc5 e6 5. Be3 a5 6. c4 Nc6 7. Nc3 dxc4 8. Qxd8+ Nxd8 9. Ne5 Nd7 10. Nxc4 Bxc5 11. Bxc5 Nxc5 12. Nd6+ Ke7 13. O-O-O Nc6 14. e3 Rd8 15. Ncb5 Nb4 16. a3 Nb3+ 17. Kb1 Nd5 18. Bc4 a4 19. e4 Nb6 20. Be2 e5 21. Nc4 Nxc4 22. Bxc4 Nd4 23. Nc7 Ra5 24. Nd5+ Kf8 25. f4 Be6 26. fxe5 Nc6 27. Rhf1 Nxe5 28. Ba2 Bxd5 29. exd5 f6 30. d6 Ra6 31. Rde1 Raxd6 32. Rxe5 Rd1+ 33. Rxd1 Rxd1+ 34. Kc2 Rg1 35. Re2 g5 36. Bd5 b6 37. Bc6 1-0


[Site "https://www.chess.com"]

[Event "Titled Tuesday Blitz May 9 Early 2023"]
[White "Fabris, Alberto"]
[Black "Shubenkova, Veronika"]
[WhiteFideId "801348"]
[BlackFideId "44124040"]
[WhiteElo "2166"]
[BlackElo "2060"]
[Result "0-1"]
[Round "06"]
[TimeControl "180+2"]
[Date "2023.05.09"]
[WhiteClock "0:00:00"]
[BlackClock "0:00:59"]

1. e4 e6 2. d3 d5 3. Nd2 Nf6 4. g3 Be7 5. Bg2 O-O 6. Ngf3 d4 7. O-O c5 8. a4 Nc6 9. Nc4 b6 10. Bd2 Bb7 11. Re1 a6 12. a5 b5 13. Nb6 Ra7 14. e5 Nd7 15. Nxd7 Qxd7 16. Qe2 Raa8 17. h4 Rac8 18. b3 Rfd8 19. Ng5 h6 20. Nh3 Bf8 21. Nf4 Ne7 22. Be4 Bxe4 23. Qxe4 c4 24. Nh5 cxd3 25. cxd3 Nf5 26. Qg4 Kh8 27. Qh3 Rc2 28. Bf4 Ne7 29. g4 Ng6 30. Bg3 Be7 31. Nf4 Qb7 32. h5 Nf8 33. Qg2 Qxg2+ 34. Kxg2 Rdc8 35. Re2 R2c3 36. Rb1 Nd7 37. Kf3 Nc5 38. Rd2 Nxb3 39. Rdd1 Nxa5 40. Ra1 Bb4 41. Ke4 Rc2 42. Bh4 Kh7 43. f3 Bd2 0-1


[Site "https://www.chess.com"]

[Event "Titled Tuesday Blitz May 9 Early 2023"]
[White "Kejzar, Petra"]
[Black "Fan_Of_Chucky"]
[WhiteFideId "14610213"]
[WhiteElo "2089"]
[BlackElo "2400"]
[Result "1-0"]
[Round "06"]
[TimeControl "180+2"]
[Date "2023.05.09"]
[WhiteClock "0:00:58"]
[BlackClock "0:00:00"]

1. e4 c5 2. Nf3 a6 3. d4 cxd4 4. Nxd4 Nf6 5. Nc3 e5 6. Nf3 Bb4 7. Qd3 d5 8. exd5 e4 9. Qe3 O-O 10. Nd2 Nxd5 11. Nxd5 Qxd5 12. c3 Bc5 13. Qg3 b5 14. Be2 Bb7 15. Nb3 Bd6 16. Bf4 Bxf4 17. Qxf4 Nd7 18. Rd1 Qe5 19. Qxe5 Nxe5 20. O-O Rfd8 21. Rxd8+ Rxd8 22. Re1 Bd5 23. h3 Nc6 24. Bd1 f5 25. Bc2 Kf8 26. h4 Bxb3 27. Bxb3 Rd2 28. Rb1 Ne5 29. Be6 g6 30. Bc8 Nd3 31. Bxa6 Nxf2 32. Bxb5 e3 33. a4 Ne4 34. a5 e2 35. Bxe2 Rxe2 36. a6 Nd2 37. a7 Re8 38. Ra1 Ra8 39. b4 Ke7 40. b5 Nc4 41. Ra4 Nb6 42. Ra6 Nd7 43. b6 Nc5 44. Ra5 Nb7 45. Rd5 Ke6 46. Rd1 Nc5 47. c4 Nb7 48. Kf2 Nc5 49. Rc1 Na4 50. c5 Kd7 51. c6+ Kd6 52. b7 1-0


[Site "https://www.chess.com"]

[Event "Titled Tuesday Blitz May 9 Early 2023"]
[White "Ankudinova, Yelena"]
[Black "Howell, David W L"]
[WhiteFideId "13702114"]
[BlackFideId "410608"]
[WhiteElo "1937"]
[BlackElo "2567"]
[Result "0-1"]
[Round "06"]
[TimeControl "180+2"]
[Date "2023.05.09"]
[WhiteClock "0:00:00"]
[BlackClock "0:01:15"]

1. Nf3 b5 2. e4 Bb7 3. d3 c5 4. Be2 g6 5. a4 b4 6. Nbd2 Bg7 7. Nc4 Nc6 8. Be3 d5 9. exd5 Qxd5 10. Nfd2 Qxg2 11. Bf3 Qh3 12. Bxc5 Nf6 13. a5 Rc8 14. Qe2 O-O 15. a6 Ba8 16. Be3 Rfd8 17. Nb3 h5 18. Nba5 Nd4 19. Bxd4 Bxf3 20. Qe3 Ng4 21. Qf4 Rxd4 0-1


[Site "https://www.chess.com"]

[Event "Titled Tuesday Blitz May 9 Early 2023"]
[White "Rodriguez Santiago, Jaime"]
[Black "Colas, Joshua"]
[WhiteFideId "3100898"]
[BlackFideId "2044447"]
[WhiteElo "2025"]
[BlackElo "2347"]
[Result "1/2-1/2"]
[Round "06"]
[TimeControl "180+2"]
[Date "2023.05.09"]
[WhiteClock "0:00:19"]
[BlackClock "0:00:00"]

1. c4 e6 2. Nf3 d5 3. g3 Nf6 4. Bg2 Be7 5. O-O O-O 6. b3 c5 7. e3 Nc6 8. Bb2 b6 9. Qe2 Ba6 10. d3 Rc8 11. Nc3 d4 12. exd4 cxd4 13. Ne4 Nxe4 14. Qxe4 Bf6 15. Ne1 Rc7 16. f4 Ne7 17. g4 h6 18. Nf3 Bb7 19. Qe2 Ng6 20. Nd2 Bxg2 21. Qxg2 e5 22. fxe5 Bxe5 23. Nf3 Bf6 24. Rae1 Re8 25. Qd2 Re3 26. Rxe3 dxe3 27. Bxf6 Qxf6 28. Qxe3 Re7 29. Qf2 Nf4 30. Kh1 Nxd3 31. Qd4 Qxd4 32. Nxd4 Re4 33. Nb5 a6 34. Nd6 Re2 35. Rxf7 Re6 36. Rd7 Nf4 37. h3 g5 38. b4 Re1+ 39. Kh2 Re2+ 40. Kg1 Rxa2 41. c5 bxc5 42. bxc5 Rc2 43. Rc7 a5 44. Nb5 Nxh3+ 45. Kf1 a4 46. c6 Rc5 47. Na3 Rc3 48. Nb5 Rc5 49. Nd4 a3 50. Ra7 Rc4 51. c7 a2 52. Rxa2 Rxc7 53. Ra6 Kh7 54. Nf5 Nf4 55. Rxh6+ Kg8 56. Ra6 Rc2 57. Nh6+ Kg7 58. Nf5+ Kf7 59. Ra7+ Ke6 60. Re7+ Kd5 61. Ne3+ Kd6 62. Nxc2 Kxe7 63. Ne3 Kf6 64. Nf5 Ke5 65. Kf2 Nd5 66. Kg3 Nf6 67. Nh6 Ne4+ 68. Kh3 Nd6 69. Kg3 Ke4 70. Ng8 Ke5 71. Ne7 Ne4+ 72. Kh3 Nf2+ 73. Kg3 Ne4+ 74. Kf3 Nd6 75. Ng6+ Kf6 76. Nf8 Nf7 77. Nd7+ Ke6 78. Nc5+ Kd5 79. Ne4 Ne5+ 80. Ke3 Nxg4+ 81. Kd3 Ne5+ 82. Ke3 Nc4+ 83. Kf3 Ne5+ 84. Ke3 g4 85. Kf4 1/2-1/2


[Site "https://www.chess.com"]